 Dungeon Sprint DCSS version 0.31-a0-832-g3a2c1c66ba (webtiles) character file.

Game seed: 6924294213303208987

39 Conn the Firebug (level 3, -5/21 HPs)
             Began as an Octopode Fire Elementalist on Sept 25, 2023.
             Was a Priest of Sif Muna.
             Slain by a gnoll bouda
             ... wielding a +0 club
              (10 damage)
             ... in the Dungeon (Sprint VII: "The Pits").
             The game lasted 00:01:19 (340 turns).

Conn the Firebug (Octopode Fire Elementalist)        Turns: 340, Time: 00:01:20

Health: -5/21      AC:  1    Str:  7    XL:     3   Next: 45%
Magic:  0/8        EV: 13    Int: 19    God:    Sif Muna [***...]
Gold:   0          SH:  0    Dex: 12    Spells: 3/9 levels left

rFire   . . .        g - +0 short sword
rCold   . . .        (no shield)
rNeg    . . .        (helmet restricted)
rPois   .            (no amulet)
rElec   .            (no ring)
rCorr   .            (no ring)
SInv    .            (no ring)
Will    .....        (no ring)
Stlth   +++          (no ring)
HPRegen 0.23/turn    (no ring)
MPRegen 0.11/turn    (no ring)
                     (no ring)

%: no teleportation
@: no status effects
A: almost no armour, amphibious, 8 rings, camouflage 1, gelatinous body 1,
(nimble swimmer 1), tentacles
a: Renounce Religion, Channel Magic, Forget Spell


You were in the Dungeon.
You worshipped Sif Muna.
Sif Muna was most pleased with you.
You visited 1 branch

Inventory:

Hand Weapons
 g - a +0 short sword (weapon)
Scrolls
 f - a scroll of blinking
Potions
 a - 3 potions of magic
 b - a potion of curing
 c - a potion of heal wounds
 d - a potion of haste
 e - a potion of berserk rage


   Skills:
 + Level 0.1 Fighting
 + Level 1.3 Short Blades
 + Level 2.6 Dodging
 + Level 3.7 Stealth
 + Level 3.6 Spellcasting
 + Level 1.7 Conjurations
 + Level 5.2 Fire Magic


You had 3 spell levels left.
You knew the following spells:

 Your Spells              Type           Power      Damage    Failure   Level
a - Foxfire               Conj/Fire      64%        2x1d7     3%          1
b - Scorch                Fire           46%        2d6       2%          2
c - Inner Flame           Hex/Fire       13%        N/A       14%         3

Your spell library contained the following spells:

 Spells                   Type           Power      Damage    Failure   Level
 Volatile Blastmotes      Fire/Tloc      26%        2d12      14%         3
 Flame Wave               Conj/Fire      16%        2d7       34%         4


Dungeon Overview and Level Annotations

Branches:
Dungeon (1/1)

Altars:
Ashenzari
Cheibriados
Dithmenos
Elyvilon
Fedhas
Gozag
Hepliaklqana
Kikubaaqudgha
Makhleb
Nemelex Xobeh
Okawaru
Qazlal
Ru
Sif Muna
Trog
Uskayaw
Vehumet
Wu Jian
Xom
Yredelemnul
Zin
The Shining One
Jiyva
Lugonu


Innate Abilities, Weirdness & Mutations

You cannot wear most types of armour.
You are amphibious.
You can wear up to eight rings at the same time.
Your skin changes colour to match your surroundings (Stealth+).
Your rubbery body absorbs attacks. (AC +1, EV +1)
((You are camouflaged when in or above water. (Stealth+)))
You have tentacles for arms and can constrict up to eight enemies at once.


Message History

You hit the gnoll bouda but do no damage.
Your grab misses the gnoll bouda.
The gnoll bouda is heavily wounded.
The gnoll bouda hits you with a +0 club.
Unknown command.
Casting: Scorch (safe; 2% risk of failure)
Confirm with . or Enter, or press ? or * to list all spells.
You conjure some foxfire!
The gnoll bouda hits you with a +0 club.
Unknown command.
You hit the gnoll bouda but do no damage.
You grab the gnoll bouda. You squeeze the gnoll bouda.
The gnoll bouda is severely wounded.
You constrict the gnoll bouda, but do no damage.
The foxfire hits the gnoll bouda but does no damage.
The gnoll bouda is severely wounded.
The foxfire hits the gnoll bouda but does no damage.
The gnoll bouda is severely wounded.
The gnoll bouda hits you with a +0 club.
You hit the gnoll bouda but do no damage.
The gnoll bouda is severely wounded.
You constrict the gnoll bouda, but do no damage.
The gnoll bouda hits you with a +0 club!
Unknown command.
Casting: Foxfire (safe; 3% risk of failure)
Confirm with . or Enter, or press ? or * to list all spells.
You conjure some foxfire!
You constrict the gnoll bouda, but do no damage.
The gnoll bouda hits you with a +0 club.
* * * LOW HITPOINT WARNING * * *
Unknown command.
You completely miss the gnoll bouda. You squeeze the gnoll bouda.
The gnoll bouda is severely wounded.
You constrict the gnoll bouda, but do no damage.
The foxfire hits the gnoll bouda but does no damage.
The gnoll bouda is severely wounded.
The foxfire hits the gnoll bouda.
The gnoll bouda is almost dead.
The gnoll bouda hits you with a +0 club!
You die...

#_________.#
#_________.#
#_______...###########++
##########'##...........
+.##......#..#.
##########.##...........
#......÷...÷'...).......
#+#####)#####..)...#..#.
#..#g@# #...........
#..'..# ####'#####+
#..#### #.......# #.†#
#.......# #..# #.......#
##g# #...<...# .gK.
#.......# ......
#.......# #######
#.......#


You could see a gnoll bouda.

Vanquished Creatures
  3 gnolls (D)
  An endoplasm (D)
  A hobgoblin (D)
  3 kobolds (D)
  A ball python (D)
  A quokka skeleton (D)
  A rat (D)
11 creatures vanquished.

Vanquished Creatures (others)
  38 foxfires (D)
38 creatures vanquished.

Grand Total: 49 creatures vanquished

Notes
Turn   | Place    | Note
-------+----------+-------------------------------------------
     0 | D        | Conn the Octopode Fire Elementalist began the quest for the
                  | Orb.
     0 | D        | Reached XP level 1. HP: 11/11 MP: 3/3
    19 | D        | Found a bloodstained altar of Trog.
    19 | D        | Found a shimmering blue altar of Sif Muna.
    19 | D        | Found a viscous altar of Jiyva.
    19 | D        | Found a hazy altar of Hepliaklqana.
    19 | D        | Found an opulent altar of Gozag.
    20 | D        | Found a glowing golden altar of the Shining One.
    20 | D        | Found a glowing silver altar of Zin.
    20 | D        | Found a basalt altar of Yredelemnul.
    20 | D        | Found a shimmering altar of Xom.
    20 | D        | Found an ornate altar of the Wu Jian Council.
    20 | D        | Found a sacrificial altar of Ru.
    20 | D        | Found a stormy altar of Qazlal.
    20 | D        | Found an iron altar of Okawaru.
    20 | D        | Found a sparkling altar of Nemelex Xobeh.
    20 | D        | Found a burning altar of Makhleb.
    20 | D        | Found a blossoming altar of Fedhas.
    20 | D        | Found a white marble altar of Elyvilon.
    20 | D        | Found a shadowy altar of Dithmenos.
    20 | D        | Found a snail-covered altar of Cheibriados.
    21 | D        | Found a radiant altar of Vehumet.
    21 | D        | Found a corrupted altar of Lugonu.
    22 | D        | Found an ancient bone altar of Kikubaaqudgha.
    22 | D        | Found a hide-covered altar of Uskayaw.
    22 | D        | Found a broken altar of Ashenzari.
    23 | D        | Became a worshipper of Sif Muna the Loreminder
    68 | D        | Reached * piety under Sif Muna
    69 | D        | Reached skill level 4 in Fire Magic
   123 | D        | Reached ** piety under Sif Muna
   124 | D        | Reached XP level 2. HP: 17/17 MP: 0/5
   130 | D        | Learned a level 2 spell: Scorch
   205 | D        | Reached skill level 1 in Short Blades
   205 | D        | Reached XP level 3. HP: 21/21 MP: 0/7
   274 | D        | Learned a level 3 spell: Inner Flame
   285 | D        | Reached skill level 5 in Fire Magic
   294 | D        | Reached *** piety under Sif Muna
   340 | D        | Slain by a gnoll bouda

Illustrated notes

Levels and vault maps discovered:
D:        pitsprint [storerooms_1, entrance_room_1, metal_vault_7, armoury_3,
          mini_pit_1, grid_room_1, main_hall_1, silver_pit, the_coven_1,
          the_vestibule_1, steel_vault_2, golden_pit, hallway_of_sentries,
          crystal_vault_2, iron_vault_4, final_vault]

Skill      XL: |  1  2  3 |
---------------+----------+-----
Stealth        | 3 |  3.7
Fire Magic     | 4 5 |  5.2
Spellcasting   | 3 |  3.6
Short Blades   | 1 |  1.3
Fighting       | |  0.1
Dodging        | |  2.6
Conjurations   | |  1.7

Action                     || total
---------------------------++-------
  Melee: Short sword       ||    13
         Tentacles         ||     5
         Constrict         ||     2
   Cast: Foxfire           ||    22
         Scorch            ||     3
   Stab: Sleeping          ||     1
 Armour: Skin              ||     8
  Dodge: Dodged            ||     4

Table legend: (Time is in decaauts)
 A = Elapsed time spent in this place.
 B = Non-inter-level travel time spent in this place.
 C = Inter-level travel time spent in this place.
 D = Time resting spent in this place.
 E = Time spent auto-exploring this place.
 F = Levels seen in this place.
 G = Mean time per level.
                   A        B        C        D        E       F      G
               +--------+--------+--------+--------+--------+-----+--------+
         Total |    339 |    339 |      0 |    188 |      0 |   1 |  339.0 |
       Dungeon |    339 |    339 |      0 |    188 |      0 |   1 |  339.0 |
               +--------+--------+--------+--------+--------+-----+--------+

Top non-repeatable levels by time:
       D: 339 daAuts
